 Dungeon Crawl Stone Soup version 0.30.1-11-g7821555f0a (webtiles) character file.

Game seed: 1959144960732105706

800 fireball365 the Chopper (level 7, 0/61 HPs)
             Began as a Hill Orc Fighter on Dec 3, 2023.
             Killed by divine providence
             ... invoked by an orc priest
              (15 damage)
             ... on level 5 of the Dungeon.
             The game lasted 00:05:36 (2947 turns).

fireball365 the Chopper (Hill Orc Fighter)          Turns: 2947, Time: 00:05:37

Health: 0/61       AC: 11    Str: 21    XL:     7   Next: 90%
Magic:  7/7        EV: 10    Int:  8    God:
Gold:   200        SH:  5    Dex: 16    Spells: 6/6 levels left

rFire   + . .        q - +8 hand axe of Purpose {elec, Fragile rC+ Dex+6}
rCold   . . .        c - +0 buckler
rNeg    . . .        b - +0 scale mail
rPois   .            w - +0 helmet
rElec   .            B - +0 cloak
rCorr   .            m - +0 pair of gloves
SInv    .            (no boots)
Will    .....        (no amulet) Stlth
                     k - ring of fire
HPRegen 0.30/turn    (no ring)
MPRegen 0.10/turn

%: no passive effects
@: no status effects
A: no striking features
a: Convert to Beogh


You were on level 5 of the Dungeon.
You visited 1 branch of the dungeon, and saw 5 of its levels.

You collected 200 gold pieces.

Inventory:

Hand Weapons
 a - a +0 war axe
 q - the +8 hand axe of Purpose (weapon) {elec, Fragile rC+ Dex+6}
   (You found it on level 3 of the Dungeon)

   Dex:       It affects your dexterity (+6).
   rC:        It protects you from cold.
   Fragile:   It will be destroyed if unequipped.
 t - a +0 broad axe
Missiles
 A - a throwing net (quivered)
Armour
 b - a +0 scale mail (worn)
 c - a +0 buckler (worn)
 m - a +0 pair of gloves (worn)
 w - a +0 helmet (worn)
 B - a +0 cloak (worn)
Jewellery
 k - a ring of fire (left hand)
Wands
 v - a wand of charming (5)
 x - a wand of roots (8)
 z - a wand of flame (21)
Scrolls
 e - a scroll of enchant weapon {unknown}
 f - 2 scrolls of fog {unknown}
 i - a scroll of enchant armour {unknown}
 n - 2 scrolls of fear
 r - 3 scrolls of blinking {unknown}
 y - a scroll of teleportation {unknown}
 C - a scroll of silence {unknown}
Potions
 d - a potion of might
 g - 2 potions of mutation {unknown}
 h - 2 potions of brilliance {unknown}
 j - a potion of berserk rage {unknown}
 l - 3 potions of curing
 o - a potion of flight {unknown}
 p - a potion of haste {unknown}
 s - 4 potions of heal wounds
 u - a potion of lignification {unknown}


   Skills:
 + Level 5.2 Fighting
 + Level 7.8 Axes
 + Level 5.3 Armour
 + Level 1.8 Dodging
 + Level 0.1 Stealth
 + Level 4.5 Shields


You had 6 spell levels left.
You didn't know any spells.
Your spell library contained the following spells:

 Spells                   Type           Power      Damage    Failure   Level
 Apportation              Tloc           0%         N/A       80%         1
 Foxfire                  Conj/Fire      0%         2x1d4     80%         1
 Necrotise                Necr           0%         1d4       80%         1
 Summon Small Mammal      Summ           0%         N/A       80%         1
 Frozen Ramparts          Ice            0%         1d1       99%         3
 Ice Form                 Ice/Tmut       0%         N/A       100%        4
 Summon Ice Beast         Ice/Summ       0%         N/A       100%        4
 Fireball                 Conj/Fire      0%         3d3       100%        5
 Plasma Beam              Fire/Air       0%         2x1d11    100%        6
 Starburst                Conj/Fire      0%         6d3       100%        6


Dungeon Overview and Level Annotations

Branches:
Dungeon (5/15)
 Temple: D:4-7

Altars:
Uskayaw


Message History

You resist with some effort.
The orc priest mumbles some strange prayers to Beogh against you.
Beogh smites you!
An orc priest comes into view. It is wielding a +4 flail.
The orc priest shouts!
The orc priest casts a cantrip, but nothing happens.
The orc hits you but does no damage.
An orc comes into view. It is wielding a +0 club.
The orc shouts!
The orc priest mumbles some strange prayers to Beogh against you.
Beogh smites you! The orc wizard casts a spell at you. The magic dart hits you.
The orc priest mumbles some strange prayers to Beogh against you.
Beogh smites you!
* * * LOW HITPOINT WARNING * * *
You slash the orc!
You kill the orc!
The orc priest invokes the aid of Beogh against you.
Pain shoots through your body!
* * * LOW HITPOINT WARNING * * *
The orc priest shouts, "Beogh is our master!
Accept the truth or die!"
You hit the orc wizard but do no damage.
The orc wizard hits you but does no damage.
You miss the orc wizard. You block the orc wizard's attack.
You slash the orc wizard!
The orc wizard is heavily wounded.
You completely miss the orc priest.
The orc priest threatens, "By the altar or by the axe, you will meet Beogh!"
The orc priest looks satisfied for a moment.
The orc priest hits you but does no damage.
The orc wizard hits you but does no damage.
You hit the orc wizard.
The orc wizard is almost dead.
You hit the orc priest.
The orc priest shouts, "Beogh is our master!
Accept the truth or die!"
The orc priest closely misses you.
The orc priest mumbles some strange prayers to Beogh against you.
Beogh smites you!
You die...

.#.......))####)......#
.#........)..##.......#
.#...........##.......#
.#...........##.......#
.#.#######............##
.#. #...##..........# .#
#...###.####....# .#
##### #o# ....# .# #@#
...# .# #o# ...# .# #o#
..# .# #o# ### .# #.# .#
#.# .#. #.# .#. #.#
.#.####### . .#


You could see 2 orc priests, an orc wizard and an orc.

Vanquished Creatures
  Pikel (D:4)
  A lemure (D:4)
  A scorpion (D:5)
  A jelly (D:5)
  An orc priest (D:5)
  Crazy Yiuf (D:4)
  An iguana (D:4)
  Terence (D:3)
  7 adders
  2 dart slugs
  10 orcs
  11 ball pythons
  5 bats
  9 endoplasms
  A giant cockroach (D:2)
  4 hobgoblins
  8 jackals
  7 kobolds
  2 quokkas
  4 frilled lizards
  8 goblins
  8 rats
94 creatures vanquished.

Notes
Turn   | Place    | Note
-------+----------+-------------------------------------------
     0 | D:1      | fireball365 the Hill Orc Fighter began the quest for the
                  | Orb.
     0 | D:1      | Reached XP level 1. HP: 19/19 MP: 1/1
   338 | D:1      | Reached XP level 2. HP: 18/27 MP: 2/2
   350 | D:1      | Reached skill level 3 in Axes
   798 | D:2      | Reached XP level 3. HP: 25/33 MP: 3/3
   819 | D:2      | Reached skill level 4 in Axes
   928 | D:2      | Found a faded altar of an unknown god.
   973 | D:2      | Reached XP level 4. HP: 31/41 MP: 4/4
  1654 | D:3      | Identified the +8 hand axe of Purpose {elec, Fragile rC+
                  | Dex+6}
  1741 | D:3      | Noticed Terence
  1745 | D:3      | Killed Terence
  1746 | D:3      | Reached XP level 5. HP: 47/47 MP: 5/5
  2070 | D:4      | Noticed a lemure
  2073 | D:4      | Noticed Pikel
  2079 | D:4      | Noticed a lemure
  2081 | D:4      | Noticed a lemure
  2083 | D:4      | Noticed a lemure
  2085 | D:4      | Killed a lemure
  2086 | D:4      | Killed Pikel
  2087 | D:4      | Reached skill level 5 in Fighting
  2087 | D:4      | Reached skill level 6 in Axes
  2087 | D:4      | Reached skill level 5 in Armour
  2087 | D:4      | Reached skill level 1 in Dodging
  2087 | D:4      | Reached XP level 6. HP: 42/56 MP: 6/6
  2087 | D:4      | Reached XP level 7. HP: 46/61 MP: 7/7
  2234 | D:4      | Reached skill level 7 in Axes
  2300 | D:4      | Found a runed translucent door.
  2301 | D:4      | Noticed Crazy Yiuf
  2519 | D:4      | Found a hide-covered altar of Uskayaw.
  2683 | D:4      | Killed Crazy Yiuf
  2707 | D:5      | Entered Level 5 of the Dungeon
  2947 | D:5      | Killed from afar by an orc priest

Illustrated notes

Levels and vault maps discovered:
D:1:      erik_arrival_triangle_large, layout_rooms
D:2:      layout_rooms, nicolae_ecumenical_lake_church,
          kennysheep_generic_room_7
D:3:      layout_rooms, amcnicky_mini_rare_corridor_liquid,
          grunt_decor_one_mirror, uniq_terence
D:4:      layout_cave_pools, lemuel_doored_altar, serial_park_tiny_pond,
          uniq_pikel, uniq_crazy_yiuf_cottage
D:5:      layout_basic

Skill      XL: |  1  2  3  4  5  6  7 |
---------------+----------------------+-----
Fighting       | 4 5 |  5.2
Axes           | 3 4 6 7 |  7.8
Armour         | 4 5 |  5.3
Shields        | 4 |  4.5
Dodging        | 1 |  1.8
Stealth        | |  0.1

Action                     |  1- 3 |  4- 6 |  7- 9 || total
---------------------------+-------+-------+-------++-------
  Melee: War axe           |    74 |    70 |       ||   144
         Hand axe          |       |    16 |    47 ||    63
    Use: Scroll            |       |       |     3 ||     3
 Armour: Scale mail        |    82 |    59 |    20 ||   161
  Dodge: Dodged            |    77 |    56 |    30 ||   163
  Block: Buckler           |    37 |    23 |    16 ||    76
